 Dungeon Crawl Stone Soup version 0.30.1-11-g7821555f0a (webtiles) character file.

Game seed: 7878416002691543527

5917 Jerry the Shield-Bearer (level 10, -11/102 HPs)
             Began as a Troll Fighter on Dec 9, 2023.
             Was an Initiate of Gozag.
             Mangled by a +3 spectral giant club (38 damage)
             ... created by Erolcha
             ... on level 9 of the Dungeon.
             The game lasted 00:24:18 (7932 turns).

Jerry the Shield-Bearer (Troll Fighter)             Turns: 7932, Time: 00:24:19

Health: -11/102    AC:  9    Str: 30    XL:     10   Next: 53%
Magic:  9/9        EV: 10    Int:  4    God:    Gozag
Gold:   647        SH:  9    Dex:  9    Spells: 9/9 levels left

rFire   . . .        A - +1 whip (flame)
rCold   . . .        c - +0 kite shield
rNeg    . . .        b - +1 robe
rPois   .            (helmet restricted)
rElec   .            (no cloak)
rCorr   .            (gloves unavailable)
SInv    .            (boots unavailable)
Will    .....        (no amulet)
Stlth   +            w - +4 ring of slaying
HPRegen 1.17/turn    r - +4 ring of protection
MPRegen 0.11/turn

%: no passive effects
@: no status effects
A: large, unfitting armour, claws 3, regeneration 1, shaggy fur 1, tough skin 1
a: Renounce Religion, Potion Petition, Call Merchant, Bribe Branch


You were on level 9 of the Dungeon.
You worshipped Gozag.
Gozag was pleased with you.
You visited 2 branches of the dungeon, and saw 10 of its levels.

You collected 1167 gold pieces.
You paid 520 gold pieces to Gozag.

Inventory:

Hand Weapons
 a - a +1 flail of chaos
 A - a +1 whip of flaming (weapon)
Missiles
 g - 3 throwing nets (quivered)
Armour
 b - a +1 robe (worn)
 c - a +0 kite shield (worn)
Jewellery
 r - a +4 ring of protection (right claw)
 w - a +4 ring of slaying (left claw)
 C - a +6 ring of dexterity
Wands
 t - a wand of roots (14)
 z - a wand of flame (14)
 E - a wand of paralysis (20)
Scrolls
 f - 5 scrolls of teleportation
 h - 2 scrolls of poison
 i - 2 scrolls of fog
 m - a scroll of brand weapon
 s - 2 scrolls of amnesia
 x - a scroll of enchant weapon
 y - 3 scrolls of magic mapping
 B - 2 scrolls of torment
Potions
 d - a potion of might
 e - 2 potions of lignification
 j - a potion of brilliance
 k - 4 potions of mutation {unknown}
 l - 3 potions of invisibility
 n - 3 potions of curing {unknown}
 o - 2 potions of ambrosia {unknown}
 p - a potion of magic
 q - a potion of attraction {unknown}
 u - 2 potions of haste {unknown}
 v - a potion of flight {unknown}
 F - a potion of berserk rage {unknown}


   Skills:
 + Level 7.1 Fighting
 + Level 7.5 Maces & Flails
 + Level 7.1 Dodging
 + Level 7.8 Shields


You had 9 spell levels left.
You didn't know any spells.
Your spell library contained the following spells:

 Spells                   Type           Power      Damage    Failure   Level
 Call Canine Familiar     Summ           0%         N/A       96%         3
 Dazzling Flash           Conj/Hex       0%         N/A       96%         3
 Portal Projectile        Hex/Tloc       0%         N/A       96%         3
 Tukima's Dance           Hex            0%         N/A       96%         3
 Leda's Liquefaction      Hex/Erth       0%         N/A       100%        4
 Passage of Golubria      Tloc           0%         N/A       100%        4
 Agony                    Necr           0%         N/A       100%        5
 Silence                  Hex/Air        0%         N/A       100%        5
 Yara's Violent Unravell  Hex/Tmut       0%         3d3       100%        5


Dungeon Overview and Level Annotations

Branches:
Dungeon (9/15)             Temple (1/1) D:6
   Lair: D:8-11         Orc: D:9-12

Altars:
Ashenzari
Cheibriados
Dithmenos
Elyvilon
Fedhas
Gozag
Makhleb
Nemelex Xobeh
Okawaru
Qazlal
Ru
Sif Muna
Trog
Uskayaw
Vehumet
Wu Jian
Zin
The Shining One

Shops:
D:8 =

Annotations:
D:9 2 transporters, Erolcha; ripuliukko's ghost, novice GrEE


Innate Abilities, Weirdness & Mutations

You are too large for most types of armour.
You have claws for hands.
Your natural rate of healing is unusually fast.
You are covered in fur. (AC +1)
You have tough skin. (AC +1)


Message History

You whack the howler monkey! You burn the howler monkey.
You kill the howler monkey!
The howler monkey hoots and howls with incredible vigour! x2
You block the howler monkey's attack.
Erolcha gestures wildly while chanting.
Erolcha flickers and vanishes!
Deactivating autopickup; reactivate with Ctrl-A.
You block the howler monkey's attack.
You see here 6 gold pieces.
You barely miss the howler monkey. You whack the howler monkey!
You burn the howler monkey.
The howler monkey is severely wounded.
You block the howler monkey's attack.
You barely miss the howler monkey.
The howler monkey is severely wounded.
The howler monkey hits you but does no damage.
You hear some strange, mumbled words.
You whack the howler monkey! You burn the howler monkey.
You kill the howler monkey!
You whack the howler monkey! You burn the howler monkey.
The howler monkey is severely wounded.
The howler monkey hoots and howls with incredible vigour!
You whack the howler monkey! You burn the howler monkey.
You kill the howler monkey!
You see here 11 gold pieces.
You see here 6 gold pieces.
You open the door.
You see here 6 gold pieces.
You see here 11 gold pieces.
Something hits you! The +3 spectral giant club hits you!
A +3 spectral giant club comes into view.
Something hits you!! The +3 spectral giant club hits you.
There is a stone staircase leading down, spattered with blood here.
You miss the +3 spectral giant club.
You hit the +3 spectral giant club but do no damage.
Something hits you!!
* * * LOW HITPOINT WARNING * * *
The +3 spectral giant club hits you!!!
You die...
Your body crumbles into a pile of gold.

#........# #.#...##.#
#........# #.#..###.#
#........ # #......#
#....... ##.##### #.#....#
##'## ##.#....### ##...##
#.........# ##.....##
#.........# ##.......##
##.......@.####.........##
..........($$.'.........'.
##.#......####.........##
#.......## ##.......##
####.#### ##.....## #.#
##...## #.# ##'## #.# #.#
#.## ########.##


You could see a +3 spectral giant club.

Vanquished Creatures
  A two-headed ogre (D:7)
  Pikel (D:7)
  A wyvern (D:8)
  6 yaks (D:8)
  3 steam dragons
  Grum (D:8)
  Menkaure (D:7)
  A water moccasin (D:7)
  Duvessa (D:7)
  A sky beast (D:7)
  2 black bears (D:5)
  3 orc warriors
  An ice beast (D:5)
  An ogre (D:6)
  2 wolves (D:8)
  4 centaurs
  4 lemures (D:7)
  A phantom (D:4)
  2 kobold brigands (D:8)
  2 bullfrogs
  3 gnoll sergeants
  2 scorpions (D:6)
  Dowan (D:7)
  3 howler monkeys (D:9)
  A jelly (D:8)
  6 hounds
  2 orc priests
  3 iguanas
  9 orc wizards
  A sleepcap (D:8)
  4 adders
  21 gnolls
  A white imp (D:6)
  An ufetubus (D:6)
  3 worms
  3 dart slugs
  18 orcs
  13 endoplasms
  5 giant cockroaches
  7 goblins
  9 hobgoblins
  7 jackals
  15 kobolds
  3 quokkas
  9 ball pythons
  7 bats
  8 frilled lizards
  10 rats
214 creatures vanquished.

Vanquished Creatures (others)
  A steam dragon (D:8)
  A kobold (D:8)
2 creatures vanquished.

Grand Total: 216 creatures vanquished

Notes
Turn   | Place    | Note
-------+----------+-------------------------------------------
     0 | D:1      | Jerry the Troll Fighter began the quest for the Orb.
     0 | D:1      | Reached XP level 1. HP: 22/22 MP: 0/0
     1 | D:1      | Found a runed translucent door.
   119 | D:1      | Reached XP level 2. HP: 29/29 MP: 1/1
   807 | D:1      | Reached XP level 3. HP: 36/36 MP: 2/2
  1071 | D:2      | You fall into a shaft and drop 1 floor!
  1221 | D:3      | Found a glowing golden altar of the Shining One.
  1553 | D:3      | Reached XP level 4. HP: 44/44 MP: 3/3
  2187 | D:3      | Found a shimmering blue altar of Sif Muna.
  2189 | D:3      | Found a white marble altar of Elyvilon.
  2334 | D:3      | Found a radiant altar of Vehumet.
  2335 | D:3      | Found a blossoming altar of Fedhas.
  2554 | D:3      | Reached XP level 5. HP: 34/53 MP: 4/4
  3183 | D:4      | Reached XP level 6. HP: 57/61 MP: 5/5
  3719 | D:5      | Entered Level 5 of the Dungeon
  3806 | D:5      | Reached XP level 7. HP: 61/68 MP: 6/6
  3821 | D:5      | Found a shadowy altar of Dithmenos.
  4392 | D:6      | Found a broken altar of Ashenzari.
  4413 | D:6      | Found a staircase to the Ecumenical Temple.
  4420 | Temple   | Entered the Ecumenical Temple
  4543 | Temple   | Became a worshipper of Gozag Ym Sagoz the Greedy
  4687 | D:6      | Found an ornate altar of the Wu Jian Council.
  4772 | D:6      | Found a burning altar of Makhleb.
  4889 | D:6      | Reached skill level 5 in Shields
  4889 | D:6      | Reached XP level 8. HP: 45/79 MP: 7/7
  5296 | D:6      | Found a glowing silver altar of Zin.
  5550 | D:7      | Noticed a two-headed ogre
  5558 | D:7      | Reached skill level 5 in Fighting
  5558 | D:7      | Reached skill level 5 in Maces & Flails
  5558 | D:7      | Reached skill level 5 in Dodging
  5694 | D:7      | Killed a two-headed ogre
  5695 | D:7      | Reached XP level 9. HP: 68/89 MP: 8/8
  5721 | D:7      | Noticed Dowan
  5721 | D:7      | Noticed Duvessa
  5744 | D:7      | Killed Dowan
  5758 | D:7      | Killed Duvessa
  5786 | D:7      | Noticed Pikel
  5795 | D:7      | Killed Pikel
  6041 | D:7      | Noticed Menkaure
  6045 | D:7      | Killed Menkaure
  6339 | D:8      | Noticed Grum
  6362 | D:8      | Killed Grum
  6470 | D:8      | Reached XP level 10. HP: 100/100 MP: 9/9
  7069 | D:8      | Identified the +1 leather armour of Contentment {Regen+
                  | Str-4 Dex+3}
  7738 | D:9      | Noticed ripuliukko's ghost (novice GrEE)
  7740 | D:9      | Found a transporter.
  7743 | D:9      | Found a transporter.
  7746 | D:9      | Found a bloodstained altar of Trog.
  7748 | D:9      | Noticed a moth of wrath
  7771 | D:9      | Noticed a deep troll
  7904 | D:9      | Noticed Erolcha
  7932 | D:9      | Mangled by a +3 spectral giant club

Illustrated notes

Levels and vault maps discovered:
D:1:      dpeg_arrival_caged_fury, layout_basic, amcnicky_mini_corridor_feature,
          st_stairs_1
D:2:      layout_rooms, kennysheep_minor_cross
D:3:      layout_basic, nicolae_overflow_hidden_temple,
          nicolae_tso_swordbearing_angel
D:4:      layout_gridville
D:5:      layout_rooms, nicolae_dithmenos_shadow_blocks, hangedman_glass_teeth,
          dreamdust_princess_corridor, corexii_shack
D:6:      layout_cave_pods, lightli_temple_of_fire, nzn_wu_jian_contemplation,
          zin_statuary, mainiacjoe_overflow_six_doors_small,
          minmay_temple_entry_junction
D:7:      layout_basic, nicolae_concentric_dashed_squares_wild, uniq_menkaure,
          uniq_pikel, uniq_duvessa
D:8:      cheibrodos_steamvent, layout_basic, uniq_grum
D:9:      layout_loops_corners, nicolae_overflow_crystal_walls,
          lair_entry_dummy, gammafunk_ghost_wrathful_warriors, serial_rivers,
          chequers_serial_rivers_micro_c, chequers_serial_rivers_micro_a,
          chequers_serial_rivers_micro_d, chequers_serial_rivers_large_a,
          chequers_serial_rivers_room_a, uniq_erica, uniq_erolcha
Temple:   nicolae_temple_two_arcs

Skill      XL: |  1  2  3  4  5  6  7  8  9 10 |
---------------+-------------------------------+-----
Maces & Flails | 2 3 4 5 6 7 |  7.5
Shields        | 3 4 5 6 7 |  7.8
Dodging        | 3 4 5 6 7 |  7.1
Fighting       | 3 4 5 6 7 |  7.1

Action                     |  1- 3 |  4- 6 |  7- 9 | 10-12 || total
---------------------------+-------+-------+-------+-------++-------
  Melee: Flail             |   179 |   228 |   161 |       ||   568
         Whip              |       |       |    92 |   179 ||   271
 Invoke: Call Merchant     |       |       |       |     1 ||     1
    Use: Scroll            |       |     9 |     5 |     3 ||    17
         Potion            |       |       |     1 |       ||     1
   Stab: Distracted        |       |       |     1 |       ||     1
 Armour: Robe              |    74 |    71 |    68 |    26 ||   239
  Dodge: Dodged            |    67 |   106 |    86 |    62 ||   321
  Block: Kite shield       |    73 |   119 |   102 |    70 ||   364
